 Dungeon Crawl Stone Soup version 0.31-a0-968-g24f9ace8b5 (webtiles) character file.

Game seed: 17647379302920821760

43 Xavori the Trooper (level 3, -7/33 HPs)
             Began as a Djinni Chaos Knight on Oct 27, 2023.
             Was a Plaything of Xom.
             Mangled by a gnoll
             ... wielding a +0 halberd
              (11 damage)
             ... on level 2 of the Dungeon.
             The game lasted 00:01:34 (6350 turns).

Xavori the Trooper (Djinni Chaos Knight)            Turns: 6350, Time: 00:01:35

Health: -7/33      AC:  7    Str: 11    XL:     3   Next: 82%
Gold:   169        EV: 12    Int: 11    God:    Xom [....*.] SH:  0 Dex: 14

rFire   + + .        a - +0 falchion (chaos)
rCold   x . .        (no shield)
rNeg    . . .        b - +2 leather armour
rPois   ∞            h - +0 helmet
rElec   .            g - +0 cloak
rCorr   .            (no gloves)
SInv    .            (boots unavailable)
Will    .....        (no amulet)
Stlth   +            (no ring)
HPRegen 0.25/turn    (no ring)
MPRegen 0.00/turn

%: clarity, infuse magic (-8 HP)
@: flying
A: sickness immunity, fire resistance 2, cold vulnerability 1, float, innate
caster, HP casting, extra vitality 1, clarity, dopey 1, mutation resistance 1,
robust 1
a: Renounce Religion


You were on level 2 of the Dungeon.
You worshipped Xom.
You were a beloved toy of Xom.
You visited 1 branch of the dungeon, and saw 2 of its levels.

You collected 169 gold pieces.

Inventory:

Hand Weapons
 a - a +0 falchion of chaos (weapon)
Armour
 b - a +2 leather armour (worn)
 g - a +0 cloak (worn)
 h - a +0 helmet (worn)
Jewellery
 i - a ring of protection from fire
 m - a ring of positive energy
Scrolls
 c - a scroll of butterflies
 e - a scroll of amnesia {unknown}
 f - a scroll of fog {unknown}
 j - a scroll of vulnerability {unknown}
 k - a scroll of teleportation {unknown}
Potions
 d - a potion of berserk rage {unknown}


   Skills:
 + Level 3.2 Fighting
 + Level 3.0 Long Blades
 + Level 1.5 Armour
 + Level 2.6 Dodging
 * Level 1.0 Spellcasting
 * Level 1.0 Conjurations
 * Level 1.0 Hexes
   Level 0.0 Charms
 * Level 1.0 Summonings
 * Level 1.0 Necromancy
 * Level 1.0 Translocations
 * Level 1.0 Transmutations
 * Level 1.0 Fire Magic
 * Level 1.0 Ice Magic
 * Level 1.0 Air Magic
 * Level 1.0 Earth Magic
 * Level 1.0 Poison Magic


You knew the following spells:

 Your Spells              Type           Power      Damage    Failure   Level
a - Necrotise             Necr           8%         1d4       28%         1
Your spell library was empty.

Dungeon Overview and Level Annotations

Branches:
Dungeon (2/15)

Altars:
Xom

Shops:
D:1 =


Innate Abilities, Weirdness & Mutations

You are immune to sickness and miasma.
You are immune to poison.
Your flesh is very heat resistant. (rF++)
You are vulnerable to cold. (rC-)
You float through the air rather than walking.
You learn spells naturally, not from books.
Your magical power is your life essence.
You have superior vitality. (+4 MHP)
You possess an exceptional clarity of mind.
You are dopey. (Int -2)
You are somewhat resistant to further mutation.
You are robust. (+10% HP)


Message History

You hit the gnoll.
The gnoll is almost dead.
The gnoll hits you with a +0 club.
* * * LOW HITPOINT WARNING * * *
You slash the gnoll!
You kill the gnoll!
Your Long Blades skill increases to level 3!
Your Spellcasting skill increases to level 1!
Your Conjurations skill increases to level 1!
Your Hexes skill increases to level 1!
Your Summonings skill increases to level 1!
Your Necromancy skill increases to level 1!
Your Translocations skill increases to level 1!
Your Transmutations skill increases to level 1!
Your Fire Magic skill increases to level 1!
Your Ice Magic skill increases to level 1!
Your Air Magic skill increases to level 1!
Your Earth Magic skill increases to level 1!
Your Poison Magic skill increases to level 1!
Casting: Necrotise (safe; 28% risk of failure)
Confirm with . or Enter, or press ? or * to list all spells.
Okay, then.
It was a potion of heal wounds.
You feel much better.
Xom is amused.
The gnoll misses you.
You hit the gnoll.
The gnoll suddenly seems more resistant.
The gnoll is moderately wounded.
The gnoll barely misses you. The gnoll hits you with a +0 halberd!
You hit the gnoll.
The gnoll is moderately wounded.
The gnoll barely misses you.
You hit the gnoll.
The gnoll resists with some effort.
The gnoll is severely wounded.
The gnoll hits you with a +0 halberd!
* * * LOW HITPOINT WARNING * * *
You hit the gnoll but do no damage.
The gnoll is severely wounded.
The gnoll hits you with a +0 halberd!
You die...

... .)# ## ..###
#. .... #. ..#
#.###g# ##.g..)#
##..g####
####....@########
.................
####....>########
##...## ##.###
#)..####### ##
#.#........ ..
#####..........
#.#
####...###.[#####
#.# #


You could see a gnoll (resistant) and a hobgoblin.

Vanquished Creatures
  2 gnolls (D:2)
  4 ball pythons
  A bat (D:1)
  A giant cockroach (D:2)
  A goblin (D:1)
  A hobgoblin (D:2)
  6 kobolds (D:1)
  2 quokkas (D:1)
  2 frilled lizards (D:1)
  2 rats (D:2)
22 creatures vanquished.

Notes
Turn   | Place    | Note
-------+----------+-------------------------------------------
     0 | D:1      | Xavori the Djinni Chaos Knight began the quest for the Orb.
     0 | D:1      | Reached XP level 1. HP: 20/20 MP: 0/0
    27 | D:1      | XOM: potion effect (berserk rage)
    39 | D:1      | XOM: silly message
    65 | D:1      | Found Tayx's Jewellery Boutique.
   132 | D:1      | Reached XP level 2. HP: 25/25 MP: 0/0
   227 | D:1      | XOM: smoke on damage
   440 | D:1      | Found a faded altar of an unknown god.
   499 | D:1      | You are sucked into a shaft and drop 1 floor!
   671 | D:1      | XOM: silly message
  1000 | D:1      | XOM: scenery: 1 fountains blood, 1 doors close
  2135 | D:1      | XOM is BORED!
  2135 | D:1      | XOM: give mutations
  2135 | D:1      | Gained mutation: You are dopey. (Int -2) [Xom's mischief]
  2135 | D:1      | Gained mutation: You occasionally lose the ability to drink
                  | potions when taking damage. [Xom's mischief]
  2135 | D:1      | Lost mutation: You occasionally lose the ability to drink
                  | potions when taking damage. [Xom's mischief]
  2277 | D:1      | XOM: give mutations
  2277 | D:1      | Gained mutation: You are somewhat resistant to further
                  | mutation. [Xom's grace]
  2277 | D:1      | Gained mutation: You are robust. (+10% HP) [Xom's grace]
  2277 | D:1      | Gained mutation: You possess an exceptional clarity of
                  | mind. [Xom's grace]
  2487 | D:1      | XOM: god gift: chain mail {god gift}
  2849 | D:1      | XOM: scenery: create altars
  2959 | D:1      | XOM: god gift: 19 gold pieces
  3159 | D:1      | XOM: noise
  4507 | D:1      | XOM: god gift: 35 gold pieces
  4916 | D:1      | XOM: cloud trail
  5268 | D:1      | XOM: god gift: club {god gift}
  5375 | D:1      | XOM: god gift: 35 gold pieces
  5639 | D:1      | XOM: cloud trail
  5678 | D:1      | XOM: scenery: summon butterflies
  6132 | D:1      | XOM: god gift: grey potion {god gift}
  6269 | D:2      | Reached XP level 3. HP: 31/33 MP: 0/0
  6269 | D:2      | Learned a level 1 spell: Necrotise
  6346 | D:2      | Reached skill level 1 in Spellcasting
  6346 | D:2      | Reached skill level 1 in Conjurations
  6346 | D:2      | Reached skill level 1 in Hexes
  6346 | D:2      | Reached skill level 1 in Summonings
  6346 | D:2      | Reached skill level 1 in Necromancy
  6346 | D:2      | Reached skill level 1 in Translocations
  6346 | D:2      | Reached skill level 1 in Transmutations
  6346 | D:2      | Reached skill level 1 in Fire Magic
  6346 | D:2      | Reached skill level 1 in Ice Magic
  6346 | D:2      | Reached skill level 1 in Air Magic
  6346 | D:2      | Reached skill level 1 in Earth Magic
  6346 | D:2      | Reached skill level 1 in Poison Magic
  6350 | D:2      | Mangled by a gnoll

Illustrated notes

Levels and vault maps discovered:
D:1:      minmay_arrival_radiant_lines, layout_basic,
          nicolae_ecumenical_lake_church, serial_shops,
          nicolae_shop_real_fake_doors
D:2:      layout_loops_ring

Skill      XL: |  1  2  3 |
---------------+----------+-----
Long Blades    | 3 |  3.0
Spellcasting   | 1 |  1.0
Conjurations   | 1 |  1.0
Hexes          | 1 |  1.0
Summonings     | 1 |  1.0
Necromancy     | 1 |  1.0
Translocations | 1 |  1.0
Transmutations | 1 |  1.0
Fire Magic     | 1 |  1.0
Ice Magic      | 1 |  1.0
Air Magic      | 1 |  1.0
Earth Magic    | 1 |  1.0
Poison Magic   | 1 |  1.0
Fighting       | |  3.2
Armour         | |  1.5
Dodging        | |  2.6

Action                     || total
---------------------------++-------
  Melee: Falchion          ||    67
         Punch             ||     1
    Use: Potion            ||     2
 Armour: Leather armour    ||    39
  Dodge: Dodged            ||    44

Table legend: (Time is in decaauts)
 A = Elapsed time spent in this place.
 B = Non-inter-level travel time spent in this place.
 C = Inter-level travel time spent in this place.
 D = Time resting spent in this place.
 E = Time spent auto-exploring this place.
 F = Levels seen in this place.
 G = Mean time per level.
                   A        B        C        D        E       F      G
               +--------+--------+--------+--------+--------+-----+--------+
         Total |   6369 |   6262 |    107 |   5142 |    906 |   2 | 3184.5 |
       Dungeon |   6369 |   6262 |    107 |   5142 |    906 |   2 | 3184.5 |
               +--------+--------+--------+--------+--------+-----+--------+

Top non-repeatable levels by time:
     D:1: 6177 daAuts
     D:2: 192 daAuts
